 Dungeon Crawl Stone Soup version 0.28-a0-247-gb8bfbab023 (webtiles) character file.

Game seed: 14283323190229982852

1134 sanka the Distorting Palentonga (level 8, -10/62 HPs)
             Began as a Palentonga Abyssal Knight on Aug 25, 2021.
             Was a Believer of Lugonu.
             Mangled by Prince Ribbit (14 damage)
             ... on level 6 of the Dungeon.
             The game lasted 00:09:19 (6763 turns).

sanka the Distorting Palentonga (PaAK)              Turns: 6763, Time: 00:09:20

Health: -10/62     AC: 18    Str: 17    XL:     8   Next: 14%
Magic:  14/14      EV:  5    Int: 12    God:    Lugonu [**....]
Gold:   348        SH:  0    Dex: 11    Spells: 7/7 levels left

rFire   . . .      SeeInvis +   k - +3 executioner's axe (vamp)
rCold   + . .      Faith    .   (shield currently unavailable)
rNeg    . . .      Spirit   .   l - +2 chain mail {rC+}
rPois   .          Reflect  .   s - +0 helmet
rElec   .          Harm     .   (no cloak)
rCorr   .          Rampage  .   x - +0 pair of gloves
Will    .....                   (no barding)
Stlth   ..........              (no amulet)
HPRegen 0.20/turn               (no ring)
MPRegen 0.14/turn               (no ring)

@: curled up
A: large, rugged brown scales 3, see invisible, deformed body, roll 1, armoured
tail, reflexive curl
a: Rolling Charge, Renounce Religion, Depart the Abyss, Bend Space


You were on level 6 of the Dungeon.
You worshipped Lugonu.
Lugonu was pleased with you.
You visited 1 branch of the dungeon, and saw 6 of its levels.
You visited the Abyss 1 time.

You collected 348 gold pieces.


Innate Abilities, Weirdness & Mutations

You are completely covered in rugged brown scales. (AC +3, +7% HP)
You have supernaturally acute eyesight. (SInv)
Armour fits poorly on your strangely shaped body.
You can roll at nearby foes to attack.
You have a long armoured tail.
You curl defensively after being hit.


   Skills:
 - Level 3.0 Fighting
 + Level 6.8 Axes
 - Level 1.5 Armour
 - Level 0.7 Dodging
 - Level 8.0 Invocations


You had 7 spell levels left.
You didn't know any spells.
Your spell library contained the following spells:

 Spells                   Type           Power      Damage    Failure   Level
 Stone Arrow              Conj/Erth      0%         3d7       100%        3
 Animate Armour           Summ/Erth      0%         N/A       100%        4
 Lehudib's Crystal Spear  Conj/Erth      0%         10d2      100%        8

Inventory:

Hand Weapons
 a - a +1 hand axe
 k - a +3 vampiric executioner's axe (weapon)
Missiles
 m - 4 poisoned darts
Armour
 b - a +0 leather armour
 l - a +2 chain mail of cold resistance (worn)
 s - a +0 helmet (worn)
 x - a +0 pair of gloves (worn)
Magical Staves
 z - a staff of fire
Jewellery
 u - a ring of protection from fire
 w - a ring of fire
Wands
 o - a wand of paralysis (4)
 v - a wand of flame (16)
Scrolls
 d - 3 scrolls of immolation {!r}
 e - 2 scrolls of torment {!r}
 f - 2 scrolls of teleportation {@r4}
 h - 2 scrolls of magic mapping
 p - 2 scrolls of enchant armour
 t - a scroll of fog
 y - a scroll of identify {@r1}
Potions
 c - 2 potions of resistance
 g - 3 potions of lignification {!q}
 i - a potion of mutation {unknown}
 j - a potion of flight {unknown}
 n - a potion of invisibility {unknown}
 q - a potion of might {unknown}
 r - a potion of curing {@q1}

Dungeon Overview and Level Annotations

Branches:
Dungeon (6/15)             Temple (0/1) D:6

Altars:
Fedhas
Makhleb
Uskayaw

Annotations:
D:5 1 runed translucent door, NigelTetley's ghost, novice DECj
D:6 Prince Ribbit

▒▒≈≈#≈≈≈≈.F▒.▒ .▒
▒..≈≈##≈..▒▒▒.▒▒..
▒...≈≈#..▒▒ ▒▒.▒▒▒
▒.▒▒▒▒▒▒..▒▒▒.▒▒
▒▒......▒
▒......▒▒▒▒▒.
▒............
▒F....^▒▒▒▒▒▒
▒H.....▒ ▒>▒▒.▒▒▒
▒▒▒▒....▒▒
▒........▒▒▒▒▒
..▒......÷...▒
▒.▒▒▒..▒▒▒<▒ ▒.
▒..▒ ▒.▒ ▒. ▒...
▒.▒ .....▒..


You could see Prince Ribbit.


Message History

You miss Prince Ribbit.
Your tail-slap misses Prince Ribbit.
You slash the sky beast!
You kill the sky beast!
Lugonu accepts your kill.
Prince Ribbit croaks regally.
Prince Ribbit barely misses you. Prince Ribbit hits you.
* * * LOW HITPOINT WARNING * * *
You miss Prince Ribbit.
Prince Ribbit blinks!
Unknown command.
Prince Ribbit catches a moth with his tongue.
You barely miss Prince Ribbit.
Prince Ribbit hits you but does no damage.
Prince Ribbit hits you but does no damage.
You closely miss Prince Ribbit.
Prince Ribbit hits you but does no damage.
Prince Ribbit hits you but does no damage.
Prince Ribbit hits you but does no damage.
You miss Prince Ribbit. Prince Ribbit hits you.
* * * LOW HITPOINT WARNING * * *
Prince Ribbit catches a blue-tailed skink with his tongue.
Prince Ribbit barely misses you.
You miss Prince Ribbit. Prince Ribbit hits you!
* * * LOW HITPOINT WARNING * * *
Prince Ribbit hits you!
You die...

Action                   |  1- 3 |  4- 6 |  7- 9 || total
-------------------------+-------+-------+-------++-------
Melee: Hand axe          |   101 |    83 |       ||   184
       Tailslap          |     9 |    12 |     5 ||    26
       Unarmed           |       |    11 |       ||    11
       Executioner's axe |       |    26 |    79 ||   105
Invok: Depart the Abyss  |     1 |       |       ||     1
 Abil: Rolling Charge    |       |     1 |     2 ||     3
Evoke: Wand              |       |     3 |       ||     3
  Use: Scroll            |     4 |     5 |     4 ||    13
 Stab: Paralysed         |       |     9 |       ||     9
       Confused          |       |     2 |       ||     2
Armor: Leather armour    |    37 |       |       ||    37
       Chain mail        |     5 |    96 |    88 ||   189
Dodge: Dodged            |    34 |    31 |    39 ||   104

Levels and vault maps discovered:
D:1:      kb_arrival_jail, layout_basic
D:2:      layout_rooms, basic_altar, kennysheep_generic_room_5, uniq_terence
D:3:      layout_basic, chequers_ecumenical_altar_simple_redux, uniq_sigmund,
          uniq_ijyb
D:4:      layout_basic
D:5:      layout_gridville, nicolae_uskayaw_murder_on_the_dancefloor,
          old_standard_altar, ebering_ghost_reflecting_pool,
          hangedman_abyss_or_decor_stabs
D:6:      layout_loops_ring, vehumet_statue, minmay_temple_entry_mist,
          abandoned_shop, uniq_prince_ribbit1

Notes
Turn   | Place    | Note
-------+----------+-------------------------------------------
     0 | Abyss:1  | sanka the Palentonga Abyssal Knight began the quest for the
                  | Orb.
     0 | Abyss:1  | Reached XP level 1. HP: 19/19 MP: 2/2
   116 | Abyss:1  | Noticed a large abomination
   122 | Abyss:1  | Noticed a large abomination
   140 | Abyss:1  | Noticed a large abomination
   144 | Abyss:1  | Found a corrupted altar of Lugonu.
   157 | Abyss:1  | Noticed a lorocyproca
   161 | D:1      | Escaped the Abyss
   284 | D:1      | Noticed a merfolk
   284 | D:1      | Noticed a troll
   286 | D:1      | Noticed a minotaur
   286 | D:1      | Noticed a barachi
   288 | D:1      | Noticed a djinni
   288 | D:1      | Noticed an ogre
   290 | D:1      | Noticed a vine stalker
   290 | D:1      | Noticed a gargoyle
   292 | D:1      | Noticed a ghoul
   292 | D:1      | Noticed a demigod
   294 | D:1      | Noticed a felid
   294 | D:1      | Noticed an octopode
   296 | D:1      | Noticed a palentonga
   296 | D:1      | Noticed a draconian
   298 | D:1      | Noticed a human
   300 | D:1      | Noticed a dwarf
   300 | D:1      | Noticed a vampire
   302 | D:1      | Noticed a naga
   302 | D:1      | Noticed a formicid
   304 | D:1      | Noticed a spriggan
   306 | D:1      | Noticed an elf
   306 | D:1      | Noticed a demonspawn
   308 | D:1      | Noticed a tengu
   758 | D:1      | Reached XP level 2. HP: 25/25 MP: 4/4
   891 | D:1      | Reached * piety under Lugonu
   892 | D:1      | Reached skill level 3 in Invocations
  1593 | D:2      | Found a burning altar of Makhleb.
  1622 | D:2      | Noticed Terence
  1640 | D:1      | Reached skill level 4 in Invocations
  1640 | D:1      | Reached XP level 3. HP: 10/31 MP: 4/6
  2373 | D:2      | Killed Terence
  2374 | D:2      | Reached XP level 4. HP: 16/37 MP: 7/7
  2608 | D:3      | Found a faded altar of an unknown god.
  2756 | D:3      | Noticed Sigmund
  2756 | D:3      | Noticed a scorpion
  2840 | D:3      | Reached skill level 5 in Invocations
  2950 | D:3      | Noticed Ijyb
  3395 | D:3      | Killed a scorpion
  3396 | D:3      | Reached skill level 6 in Invocations
  3396 | D:3      | Reached XP level 5. HP: 43/43 MP: 7/9
  4149 | D:3      | Found a faded altar of an unknown god.
  4233 | D:2      | Killed Ijyb
  4296 | D:3      | Killed Sigmund
  4297 | D:3      | Reached skill level 7 in Invocations
  4297 | D:3      | Reached XP level 6. HP: 50/50 MP: 9/11
  5051 | D:4      | Identified a scroll of acquirement
  5052 | D:4      | Acquired a +2 vampiric executioner's axe
  5133 | D:5      | Entered Level 5 of the Dungeon
  5155 | D:5      | Reached skill level 8 in Invocations
  5370 | D:5      | Found a hide-covered altar of Uskayaw.
  5476 | D:5      | Found a runed translucent door.
  5520 | D:5      | Reached skill level 3 in Axes
  5520 | D:5      | Gained mutation: You curl defensively after being hit.
                  | [Palentonga growth]
  5520 | D:5      | Reached XP level 7. HP: 44/55 MP: 13/13
  5935 | D:5      | Reached skill level 4 in Axes
  5997 | D:5      | Found a blossoming altar of Fedhas.
  6050 | D:5      | Reached skill level 5 in Axes
  6059 | D:5      | Reached ** piety under Lugonu
  6547 | D:5      | Noticed NigelTetley's ghost (novice DECj)
  6549 | D:5      | Identified 2 potions of resistance
  6599 | D:6      | Found a staircase to the Ecumenical Temple.
  6611 | D:6      | Reached skill level 6 in Axes
  6724 | D:6      | Noticed Prince Ribbit
  6729 | D:6      | Reached XP level 8. HP: 58/62 MP: 14/14
  6763 | D:6      | HP: 4/62 [Prince Ribbit (14)]
  6763 | D:6      | Mangled by Prince Ribbit

Vanquished Creatures
  Sigmund (D:3)
  A sky beast (D:6)
  An ice beast (D:6)
  A centaur (D:5)
  2 scorpions
  A wyvern skeleton (D:6)
  2 centaur zombies
  5 hounds
  5 iguanas (D:5)
  Ijyb (D:2)
  Terence (D:2)
  An orc wizard (D:4)
  7 adders
  A dart slug (D:2)
  2 worms (D:2)
  2 orcs (D:4)
  3 bats (D:2)
  5 endoplasms
  5 giant cockroaches
  7 goblins
  4 hobgoblins
  5 quokkas
  3 ball pythons
  A frilled lizard (D:2)
  6 kobolds
  2 rats (D:2)
75 creatures vanquished.

Vanquished Creatures (others)
  A lurking horror (Abyss:1)
1 creature vanquished.

Grand Total: 76 creatures vanquished
